 Dungeon Crawl Stone Soup version 0.28.0-1-gb440e238dd (webtiles) character file.

Game seed: 3246851632107816679

3389 Zeld the Thaumaturge (level 9, -6/49 HPs)
             Began as a Deep Elf Fire Elementalist on Feb 19, 2022.
             Was an Initiate of Vehumet.
             Mangled by a tengu warrior (13 damage)
             ... on level 9 of the Dungeon on Feb 21, 2022.
             The game lasted 00:08:29 (10179 turns).

Zeld the Thaumaturge (Deep Elf Fire Elementalist)  Turns: 10179, Time: 00:08:30

Health: -6/49      AC: 12    Str:  5    XL:     9   Next: 74%
Magic:  6/25       EV: 10    Int: 31    God:    Vehumet [......]
Gold:   457        SH:  0    Dex: 15    Spells: 22/29 levels left

rFire   + . .      SeeInvis .   (no weapon)
rCold   . . .      Faith    .   (no shield)
rNeg    . . .      Spirit   .   a - +2 ring mail "Raysk" {Int+3}
rPois   +          Reflect  .   (no helmet)
rElec   .          Harm     .   c - +2 cloak "Cemeurr" {rF+ rCorr Int+3}
rCorr   +          Rampage  .   (no gloves)
Will    .....                   f - +1 pair of boots of Purpose {rPois}
Stlth   +++.......              (no amulet)
HPRegen 0.16/turn               (no ring)
MPRegen 0.19/turn               (no ring)

@: very slightly contaminated
A: no striking features
a: Renounce Religion


You were on level 9 of the Dungeon.
You worshipped Vehumet.
Vehumet was noncommittal.
You visited 2 branches of the dungeon, and saw 10 of its levels.

You collected 457 gold pieces.

Inventory:

Armour
 a - the +2 ring mail "Raysk" (worn) {Int+3}
   (You found it on level 5 of the Dungeon)

   Int:       It affects your intelligence (+3).
 c - the +2 cloak "Cemeurr" (worn) {rF+ rCorr Int+3}
   (You acquired it on level 7 of the Dungeon)

   Int:       It affects your intelligence (+3).
   rF:        It protects you from fire.
   rCorr:     It protects you from acid and corrosion.
 f - the +1 pair of boots of Purpose (worn) {rPois}
   (You found it on level 2 of the Dungeon)

   rPois:     It protects you from poison.
Wands
 d - a wand of digging (8)
 j - a wand of flame (38)
 y - a wand of polymorph (9)
Scrolls
 h - 2 scrolls of fear
 i - a scroll of teleportation {unknown}
 k - 2 scrolls of identify
 m - a scroll of enchant weapon
 n - a scroll of magic mapping
 u - 2 scrolls of vulnerability {unknown}
 w - a scroll of amnesia {unknown}
Potions
 b - 3 potions of flight {unknown}
 e - 4 potions of mutation {unknown}
 g - 6 potions of curing {unknown}
 l - a potion of lignification {unknown}
 o - 2 potions of brilliance {unknown}
 p - a potion of might {unknown}
 r - a potion of attraction {unknown}
 v - a potion of haste {unknown}
 x - a potion of invisibility {unknown}


   Skills:
 + Level 2.7 Fighting
 - Level 4.0 Dodging
 - Level 6.0 Stealth
 * Level 10.7 Spellcasting
 + Level 6.0 Conjurations
 * Level 9.3 Fire Magic


You had 22 spell levels left.
You knew the following spells:

 Your Spells              Type           Power      Damage    Failure   Level
a - Foxfire               Conj/Fire      100%       2x1d9     1%          1
b - Scorch                Fire           100%       2d10      1%          2
c - Flame Wave            Conj/Fire      59%        2d11      6%          4

Your spell library contained the following spells:

 Spells                   Type           Power      Damage    Failure   Level
 Freeze                   Ice            64%        1d8       14%         1
 Conjure Flame            Conj/Fire      59%        6-21      1%          3
 Inner Flame              Hex/Fire       45%        N/A       6%          3
 Ignite Poison            Fire/Tmut/Pois 35%        N/A       12%         3
 Slow                     Hex            64%        N/A       14%         1
 Mephitic Cloud           Conj/Pois/Air  29%        N/A       19%         3
 Confusing Touch          Hex            16%        N/A       41%         3
 Gell's Gravitas          Tloc           16%        N/A       41%         3
 Lesser Beckoning         Tloc           16%        N/A       41%         3
 Teleport Other           Tloc           16%        N/A       41%         3
 Vampiric Draining        Necr           16%        2d7       41%         3
 Freezing Cloud           Conj/Ice/Air   14%        6-21      87%         5


Dungeon Overview and Level Annotations

Branches:
Dungeon (9/15)             Temple (1/1) D:5
   Lair: D:8-11         Orc: D:9-12

Altars:
Ashenzari
Cheibriados
Elyvilon
Fedhas
Gozag
Hepliaklqana
Kikubaaqudgha
Makhleb
Nemelex Xobeh
Okawaru
Qazlal
Ru
Sif Muna
Trog
Uskayaw
Vehumet
Wu Jian
Xom
Yredelemnul
Zin
The Shining One

Annotations:
D:8 1 runed translucent door, jjjjhere's ghost, novice OgCj


Message History

Unknown command.
Casting: Scorch (safe; 1% risk of failure)
Confirm with . or Enter, or press ? or * to list all spells.
Flames lash the tengu warrior.
The tengu warrior is burned terribly!
The tengu warrior is severely wounded.
The tengu warrior hits you but does no damage.
Unknown command.
Casting: Scorch (safe; 1% risk of failure)
Confirm with . or Enter, or press ? or * to list all spells.
Flames lash the tengu warrior.
The tengu warrior is burned terribly!
The tengu warrior is severely wounded.
The tengu warrior closely misses you.
Unknown command.
Casting: Scorch (safe; 1% risk of failure)
Confirm with . or Enter, or press ? or * to list all spells.
Flames lash the tengu warrior.
The tengu warrior is burned terribly!
The tengu warrior is severely wounded.
The tengu warrior hits you from afar with a +0 halberd!
Unknown command.
Casting: Scorch (safe; 1% risk of failure)
Confirm with . or Enter, or press ? or * to list all spells.
Flames lash the tengu warrior.
The tengu warrior is burned terribly!
The tengu warrior is almost dead.
The tengu warrior hits you from afar with a +0 halberd!
Unknown command.
Casting: Scorch (safe; 1% risk of failure)
Confirm with . or Enter, or press ? or * to list all spells.
Flames lash the tengu warrior.
The tengu warrior is burned terribly!
The tengu warrior is almost dead.
The tengu warrior hits you from afar with a +0 halberd.
Unknown command.
Casting: Scorch (safe; 1% risk of failure)
Confirm with . or Enter, or press ? or * to list all spells.
You miscast Scorch.
You are very lightly contaminated with residual magic.
Nothing appears to happen.
The tengu warrior hits you from afar with a +0 halberd!
* * * LOW HITPOINT WARNING * * *
The tengu warrior hits you from afar with a +0 halberd!
You die...

#.# #.## #..#
######
#..####....#
##.##...##'##
#8.8##.##8.8#
##...###...##
##.Q.....##
##..@..##
##8.8## #####


You could see a tengu warrior (combustible).

Vanquished Creatures
  2 hornets
  Grinder (D:3)
  Prince Ribbit (D:5)
  A wyvern (D:9)
  Eustachio (D:3)
  A water moccasin (D:8)
  A black bear (D:6)
  An orc warrior (D:8)
  3 sky beasts
  2 necrophages (D:6)
  4 ogres
  A centaur (D:8)
  A phantom (D:5)
  Blork the orc (D:6)
  2 bullfrogs (D:7)
  3 scorpions
  A water moccasin skeleton (D:4)
  A killer bee (D:7)
  3 howler monkeys
  Crazy Yiuf (D:5)
  A gnoll shaman (D:8)
  3 orc priests (D:8)
  2 iguanas
  4 orc wizards
  5 gnolls (D:8)
  4 adders
  A shadow imp (D:7)
  2 white imps (D:7)
  An ufetubus (D:5)
  An adder skeleton (D:4)
  A worm (D:3)
  3 dart slugs
  19 orcs
  2 ball pythons (D:1)
  10 endoplasms
  6 goblins
  4 hobgoblins
  4 jackals (D:1)
  9 kobolds
  2 quokkas
  3 bats
  A frilled lizard (D:3)
  5 rats
125 creatures vanquished.

Vanquished Creatures (others)
  372 foxfires
  8 fungi (D:2)
  A plant (D:8)
  3 toadstools (D:2)
384 creatures vanquished.

Grand Total: 509 creatures vanquished

Notes
Turn   | Place    | Note
-------+----------+-------------------------------------------
     0 | D:1      | Zeld the Deep Elf Fire Elementalist began the quest for the
                  | Orb.
     0 | D:1      | Reached XP level 1. HP: 10/10 MP: 6/6
   415 | D:1      | Reached XP level 2. HP: 14/15 MP: 5/8
   418 | D:1      | Learned a level 2 spell: Scorch
  1581 | D:2      | Reached XP level 3. HP: 19/19 MP: 8/10
  1633 | D:2      | Identified the +1 pair of boots of Purpose {rPois}
  2434 | D:2      | Found a faded altar of an unknown god.
  2965 | D:3      | Reached skill level 4 in Spellcasting
  2982 | D:3      | Reached XP level 4. HP: 4/24 MP: 0/12
  2988 | D:3      | Learned a level 4 spell: Flame Wave
  3556 | D:3      | Noticed Grinder
  3561 | D:3      | Paralysed by Grinder for 5 turns
  3569 | D:3      | Killed Grinder
  3570 | D:3      | Reached skill level 5 in Spellcasting
  3570 | D:3      | Reached XP level 5. HP: 8/28 MP: 1/14
  3570 | D:3      | Reached XP level 6. HP: 10/32 MP: 1/15
  3874 | D:4      | Noticed Eustachio
  3879 | D:4      | Reached skill level 5 in Fire Magic
  3884 | D:3      | Killed Eustachio
  4170 | D:4      | Reached XP level 7. HP: 36/36 MP: 11/17
  4228 | D:4      | Reached skill level 6 in Spellcasting
  4774 | D:5      | Entered Level 5 of the Dungeon
  4820 | D:5      | Noticed Prince Ribbit
  4831 | D:5      | Killed Prince Ribbit
  4949 | D:5      | Reached skill level 5 in Stealth
  5092 | D:5      | Reached skill level 7 in Spellcasting
  5266 | D:5      | Identified the +2 ring mail "Raysk" {Int+3}
  5373 | D:5      | Noticed a hornet
  5379 | D:5      | Killed a hornet
  5380 | D:5      | Reached XP level 8. HP: 41/41 MP: 8/21
  5632 | D:5      | Found a staircase to the Ecumenical Temple.
  5644 | Temple   | Entered the Ecumenical Temple
  5722 | Temple   | Became a worshipper of Vehumet
  5835 | D:5      | Found a runed translucent door.
  5836 | D:5      | Noticed Crazy Yiuf
  6005 | D:5      | Killed Crazy Yiuf
  6329 | D:6      | Noticed Blork the orc
  6337 | D:6      | Reached skill level 8 in Spellcasting
  6339 | D:6      | Killed Blork the orc
  6559 | D:6      | Upgraded the game from 0.28.0 to 0.28.0-1-gb440e238dd
  6714 | D:6      | Reached skill level 1 in Fighting
  6914 | D:6      | Reached skill level 9 in Spellcasting
  7130 | D:7      | Reached skill level 5 in Conjurations
  7179 | D:7      | Reached XP level 9. HP: 47/47 MP: 17/24
  7431 | D:7      | Found a sacrificial altar of Ru.
  8024 | D:7      | Identified a scroll of acquirement
  8037 | D:7      | Acquired the +2 cloak "Cemeurr" {rF+ rCorr Int+3}
  8086 | D:8      | Noticed jjjjhere's ghost (novice OgCj)
  8086 | D:8      | Found a runed translucent door.
  8344 | D:8      | Reached skill level 10 in Spellcasting
  8478 | D:8      | Found a basalt altar of Yredelemnul.
  9211 | D:8      | Found a sparkling altar of Nemelex Xobeh.
  9221 | D:8      | Reached * piety under Vehumet
  9221 | D:8      | Offered knowledge of Freeze by Vehumet.
  9425 | D:8      | Found a white marble altar of Elyvilon.
  9428 | D:8      | Found a shimmering blue altar of Sif Muna.
  9431 | D:8      | Found a shimmering altar of Xom.
 10025 | D:9      | Noticed a tengu warrior
 10179 | D:9      | Mangled by a tengu warrior

Illustrated notes

Levels and vault maps discovered:
D:1:      psy_arrival_terrarium, layout_basic
D:2:      layout_basic, dilly_ecumenical_altar_fadedgnrine,
          minmay_gold_behind_fungi
D:3:      layout_loops_ring, chequers_serial_rivers_small_b, uniq_grinder
D:4:      layout_loops_ring, uniq_eustachio
D:5:      layout_loops_ring, minmay_temple_entry_antechambers,
          uniq_prince_ribbit1, uniq_crazy_yiuf_cottage
D:6:      layout_loops_cross, uniq_blork_the_orc
D:7:      layout_rooms, mainiacjoe_overflow_24_doors, minmay_quadrilaterals
D:8:      layout_loops_corners, mainiacjoe_overflow_brackets,
          grunt_temple_overflow_cloverleaf, hellmonk_ghost_big_iron
D:9:      layout_roguey, grunt_ministairs_8, amcnicky_mini_pool_medium
Temple:   regret_index_temple_waves

Skill      XL: |  1  2  3  4  5  6  7  8  9 |
---------------+----------------------------+-----
Stealth        | 3 4 5 6 |  6.0
Fire Magic     | 4 5 6 8 9 |  9.3
Spellcasting   | 4 5 7 9 10 | 10.7
Dodging        | 3 4 |  4.0
Conjurations   | 2 3 4 5 6 |  6.0
Fighting       | 1 2 |  2.7

Action                   |  1- 3 |  4- 6 |  7- 9 || total
-------------------------+-------+-------+-------++-------
Melee: Unarmed           |    10 |       |     2 ||    12
       Punch             |     1 |       |       ||     1
 Cast: Foxfire           |   121 |    24 |    86 ||   231
       Scorch            |     6 |    13 |   111 ||   130
       Flame Wave        |       |       |     2 ||     2
  Use: Scroll            |       |       |     9 ||     9
Armor: Robe              |     5 |     3 |       ||     8
       Ring mail         |       |       |    20 ||    20
Dodge: Dodged            |    31 |    11 |    26 ||    68
